 Dungeon Crawl Stone Soup version 0.29.1-12-g30fa7ad0bf (webtiles) character file.

Game seed: 3177703824268396536

7014 KittyFluff the Protected (level 11, -3/102 HPs)
             Began as a Gargoyle Berserker on Jan 8, 2023.
             Was a High Priest of Trog.
             Slain by an orc warlord
             ... wielding a +5 battleaxe
              (12 damage)
             ... in a bailey on Jan 9, 2023.
             The game lasted 00:44:54 (10958 turns).

KittyFluff the Protected (Gargoyle Berserker)      Turns: 10958, Time: 00:44:55

Health: -3/102     AC: 33    Str: 21    XL:     11   Next: 8%
Magic:  11/11      EV: 12    Int:  8    God:    Trog [*****.]
Gold:   341        SH:  6    Dex: 13    Spells: 10/10 levels left

rFire   . . .      SeeInvis .   o - +2 flail (vorpal)
rCold   . . .      Faith    .   S - +1 buckler {AC+3}
rNeg    + . .      Spirit   .   R - +0 scale mail
rPois   ∞          Reflect  .   K - +2 hat {Will+}
rElec   +          Harm     .   y - +1 cloak
rCorr   .          Rampage  .   (no gloves)
Will    +....                   O - +0 pair of boots
Stlth   ..........              (no amulet)
HPRegen 0.27/turn               x - +4 ring of protection
MPRegen 0.12/turn               A - +4 ring of protection

@: berserking, very quick
A: sickness immunity, AC +8, negative energy resistance 1, electricity
resistance, torment resistance 1, petrification resistance
a: Renounce Religion, Berserk, Trog's Hand, Brothers in Arms


You were in a bailey.
You worshipped Trog.
Trog was extremely pleased with you.
You visited 2 branches of the dungeon, and saw 10 of its levels.
You also visited: Bailey.

You collected 572 gold pieces.
You spent 231 gold pieces at shops.

Inventory:

Hand Weapons
 a - a +0 mace
 o - a +2 vorpal flail (weapon)
 q - a +0 sling
 B - a +0 triple crossbow
 H - a +0 morningstar
 I - a +0 arbalest
Missiles
 c - 68 stones (quivered)
 k - 13 boomerangs
 v - 3 javelins
 F - 9 atropa-tipped darts
 L - 2 curare-tipped darts
 M - 19 poisoned darts
Armour
 s - a +0 kite shield
 w - a +2 robe of fire resistance
 y - a +1 cloak (worn)
 K - a +2 hat of willpower (worn)
 N - a +0 plate armour
 O - a +0 pair of boots (worn)
 R - a +0 scale mail (worn)
 S - a +1 buckler of protection (worn)
Jewellery
 u - a ring of fire
 x - a +4 ring of protection (left hand)
 A - a +4 ring of protection (right hand)
Wands
 z - a wand of polymorph (6)
 E - a wand of iceblast (8)
 G - a wand of charming (12)
 P - a wand of mindburst (14)
Scrolls
 b - a scroll of summoning {unknown}
 g - 2 scrolls of brand weapon {unknown}
 i - 3 scrolls of immolation {unknown}
 j - a scroll of acquirement {unknown}
 p - 4 scrolls of teleportation
 C - 3 scrolls of fog
 D - a scroll of blinking {unknown}
 J - 4 scrolls of fear {unknown}
 Q - a scroll of enchant weapon {unknown}
Potions
 d - a potion of curing
 e - 2 potions of might
 f - 2 potions of ambrosia
 h - 2 potions of heal wounds
 l - a potion of degeneration {unknown}
 n - 2 potions of flight
 r - 3 potions of haste
 t - 3 potions of magic {unknown}
 T - 2 potions of mutation


   Skills:
 + Level 8.3 Fighting
 + Level 7.6 Maces & Flails
 * Level 10.9 Armour
 + Level 6.0 Dodging
 + Level 6.7 Shields


You had 10 spell levels left.
You didn't know any spells.
Your spell library was empty.

Dungeon Overview and Level Annotations

Branches:
Dungeon (9/15)             Temple (1/1) D:4          Bailey (1/1)
   Lair: D:8-11         Orc: D:9-12

Altars:
Ashenzari
Cheibriados
Elyvilon
Fedhas
Gozag
Hepliaklqana
Kikubaaqudgha
Makhleb
Nemelex Xobeh
Okawaru
Qazlal
Ru
Sif Muna
Trog
Uskayaw
Vehumet
Wu Jian
Xom
Yredelemnul
Zin
The Shining One

Shops:
D:8 *


Innate Abilities, Weirdness & Mutations

You are immune to sickness and miasma.
Your stone body is resilient. (AC +8)
You are immune to poison.
You resist negative energy. (rN+)
You are resistant to electric shocks. (rElec)
You are resistant to unholy torment.
You are immune to petrification.


Message History

The orc warlord hits you with a +5 battleaxe!
You hit the orc warlord but do no damage.
The orc warlord is lightly wounded.
The orc warlord hits you but does no damage.
You hit the orc warlord but do no damage.
The orc warlord is lightly wounded.
The orc warlord hits you but does no damage.
You hit the orc warlord but do no damage.
The orc warlord is lightly wounded.
The orc warlord is engulfed in poison gas.
The orc warlord is poisoned.
You block the orc warlord's attack.
You sock the orc warlord!
The orc warlord is moderately wounded.
The orc warlord is engulfed in poison gas.
The orc warlord looks even sicker.
The orc warlord hits you with a +5 battleaxe!
* * * LOW HITPOINT WARNING * * *
A red film seems to cover your vision as you go berserk!
You feel yourself moving faster!
You feel mighty!
The orc warlord hits you with a +5 battleaxe.
* * * LOW HITPOINT WARNING * * *
You sock the orc warlord!
The orc warlord is heavily wounded.
You closely miss the orc warlord.
The orc warlord is heavily wounded.
The orc warlord hits you with a +5 battleaxe.
* * * LOW HITPOINT WARNING * * *
You barely miss the orc warlord.
The orc warlord is heavily wounded.
The orc warlord hits you but does no damage.
You barely miss the orc warlord.
The orc warlord is heavily wounded.
You hit the orc warlord but do no damage.
The orc warlord is heavily wounded.
The orc warlord hits you with a +5 battleaxe.
* * * LOW HITPOINT WARNING * * *
You sock the orc warlord!
The orc warlord is heavily wounded.
The orc warlord hits you with a +5 battleaxe!
You die...

##...##.........##...
##.....##.......##....
##.......##~~~~~##...8.
##.°8..8...#~~~~~#......
#.....°..°.#~~~~~#......
#..........'.....'....8.
#.°.8.°....#########....
##.°...°#### ~~#~~~##...
##°...@#~~#~.....|~#...
##..°o#~........!~#...
#..)##~8.8...8.8##...
#...'o~........g#....
#...'~~....∩....#....
#.°.'~~.........#....
#.°.##~8.8...8.8##...
##°...#~........?~#...
##.....#~~#~.....:~#...


You could see an orc warlord (poisoned).

Vanquished Creatures
  Gastronok (D:8)
  An orc knight (Bailey)
  A kobold demonologist (D:8)
  A hornet (D:9)
  A shadow (D:9)
  A wyvern (D:8)
  2 water moccasins
  Duvessa (D:3)
  5 ice beasts
  4 orc warriors
  A black bear (D:5)
  An ogre (D:6)
  2 sky beasts (D:7)
  4 centaurs
  Blork the orc (D:4)
  3 kobold brigands (D:8)
  A bullfrog (D:6)
  A necrophage (D:6)
  4 scorpions
  18 wights
  Dowan (D:3)
  4 howler monkeys
  4 orc priests (D:8)
  A gnoll bouda (D:4)
  6 hounds
  5 iguanas
  3 jellies
  6 orc wizards
  13 gnolls
  13 adders
  3 white imps
  An ufetubus (D:5)
  2 worms
  4 dart slugs
  18 orcs
  6 ball pythons
  7 bats
  7 endoplasms
  7 giant cockroaches
  11 goblins
  9 hobgoblins
  3 jackals (D:3)
  4 quokkas
  4 frilled lizards
  26 kobolds
  5 rats
227 creatures vanquished.

Vanquished Creatures (others)
  A wight (D:6)
1 creature vanquished.

Grand Total: 228 creatures vanquished

Notes
Turn   | Place    | Note
-------+----------+-------------------------------------------
     0 | D:1      | KittyFluff the Gargoyle Berserker began the quest for the
                  | Orb.
     0 | D:1      | Reached XP level 1. HP: 14/14 MP: 1/1
   491 | D:1      | Reached XP level 2. HP: 10/19 MP: 2/2
  1222 | D:1      | Reached XP level 3. HP: 23/23 MP: 3/3
  1337 | D:1      | Reached skill level 3 in Armour
  1534 | D:2      | Reached ** piety under Trog
  1568 | D:2      | Reached XP level 4. HP: 28/29 MP: 4/4
  2009 | D:2      | You fall into a shaft and drop 2 floors!
  2017 | D:4      | Noticed Blork the orc
  2029 | D:4      | Killed Blork the orc
  2030 | D:4      | Reached skill level 4 in Armour
  2030 | D:4      | Reached XP level 5. HP: 33/33 MP: 5/5
  2262 | D:3      | Reached XP level 6. HP: 38/38 MP: 6/6
  2737 | D:3      | Reached *** piety under Trog
  3035 | D:4      | Found a staircase to the Ecumenical Temple.
  3165 | D:4      | Found a basalt altar of Yredelemnul.
  3276 | D:4      | Reached skill level 5 in Armour
  3276 | D:4      | Reached skill level 1 in Shields
  3796 | D:4      | Noticed Dowan
  3796 | D:4      | Noticed Duvessa
  4073 | D:3      | Killed Duvessa
  4074 | D:3      | Reached XP level 7. HP: 21/44 MP: 7/7
  4277 | D:3      | Killed Dowan
  4405 | D:4      | Found a shimmering blue altar of Sif Muna.
  4572 | Temple   | Entered the Ecumenical Temple
  4820 | D:5      | Entered Level 5 of the Dungeon
  4836 | D:5      | Reached skill level 5 in Fighting
  5063 | D:5      | Reached skill level 6 in Armour
  5065 | D:5      | Reached XP level 8. HP: 41/49 MP: 8/8
  5861 | D:5      | Reached skill level 5 in Maces & Flails
  6432 | D:6      | Reached skill level 7 in Armour
  6560 | D:6      | Reached XP level 9. HP: 34/55 MP: 9/9
  7261 | D:6      | Found a sacrificial altar of Ru.
  7266 | D:6      | Found a snail-covered altar of Cheibriados.
  7349 | D:6      | Reached skill level 8 in Armour
  7543 | D:6      | Found a radiant altar of Vehumet.
  8064 | D:7      | Reached **** piety under Trog
  8513 | D:7      | Found a sparkling altar of Nemelex Xobeh.
  8717 | D:7      | Reached skill level 5 in Shields
  8769 | D:7      | Reached skill level 9 in Armour
  8925 | D:8      | Reached skill level 5 in Dodging
  8925 | D:8      | Reached XP level 10. HP: 63/63 MP: 10/10
  8930 | D:8      | Noticed Gastronok
  8958 | D:8      | Killed Gastronok
  9045 | D:8      | Found a broken altar of Ashenzari.
  9287 | D:8      | Found a hide-covered altar of Uskayaw.
  9304 | D:8      | Found a blossoming altar of Fedhas.
  9536 | D:8      | Noticed a kobold demonologist
  9544 | D:8      | Reached skill level 10 in Armour
  9557 | D:8      | Noticed an orange demon
  9563 | D:8      | Killed a kobold demonologist
 10096 | D:8      | Found Ucvag's General Store.
 10136 | D:8      | Bought a scroll of identify for 22 gold pieces
 10136 | D:8      | Bought a scroll of fog for 44 gold pieces
 10136 | D:8      | Bought a scroll of vulnerability for 44 gold pieces
 10136 | D:8      | Bought a potion of flight for 33 gold pieces
 10136 | D:8      | Bought a potion of mutation for 88 gold pieces
 10202 | D:9      | Found a glowing silver altar of Zin.
 10337 | D:9      | Found a flagged portal.
 10361 | D:9      | Reached ***** piety under Trog
 10413 | Bailey   | Entered a bailey
 10457 | Bailey   | Noticed an orc warlord
 10530 | Bailey   | Noticed an orc knight
 10554 | Bailey   | Killed an orc knight
 10555 | Bailey   | Reached XP level 11. HP: 29/68 MP: 11/11
 10849 | Bailey   | Found a runed translucent gate.
 10851 | Bailey   | Found a runed translucent gate.
 10852 | Bailey   | Found a runed translucent gate.
 10958 | Bailey   | Slain by an orc warlord

Illustrated notes

Levels and vault maps discovered:
D:1:      onia_arrival_pyramid, layout_basic, dreamdust_princess_corridor
D:2:      layout_loops_ring
D:3:      layout_basic
D:4:      layout_loops_cross, marbit_many_paths, kennysheep_little_box,
          minmay_temple_entry_statues_fountains, minmay_misc_feat_alley,
          uniq_blork_the_orc, uniq_duvessa
D:5:      layout_basic
D:6:      minmay_recursive_quarters, layout_cave_pods,
          mainiacjoe_overflow_alcove_1, grunt_temple_overflow_open,
          chequers_serial_rivers_room_b
D:7:      layout_basic, nemelex_diamond_rough_becter, lightli_corner_chamber
D:8:      layout_basic, mainiacjoe_overflow_swirl, nicolae_ashenzari_skybound,
          serial_shops, shop_statue, uniq_gastronok
D:9:      layout_loops_ring, mainiacjoe_overflow_tiny_flanked,
          nicolae_dithmenos_the_darkroom, enter_bailey_2
Temple:   minmay_freezing_vapour_temple
Bailey:   bailey_axe_bossmonster_kennysheep, bailey

Skill      XL: |  1  2  3  4  5  6  7  8  9 10 |
---------------+-------------------------------+-----
Armour         | 3 4 5 6 7 9 10 | 10.9
Dodging        | 2 3 4 5 6 |  6.0
Fighting       | 4 5 6 7 8 |  8.3
Maces & Flails | 4 5 6 7 |  7.6
Shields        | 1 2 3 5 6 |  6.7

Action                   |  1- 3 |  4- 6 |  7- 9 | 10-12 || total
-------------------------+-------+-------+-------+-------++-------
Melee: Mace              |   115 |    31 |       |       ||   146
       Punch             |     2 |     1 |     4 |       ||     7
       Flail             |       |   157 |   316 |   285 ||   758
 Fire: Sling             |       |       |       |     2 ||     2
Throw: Stone             |       |       |     3 |     7 ||    10
Invok: Berserk           |     1 |     4 |     2 |     4 ||    11
  Use: Scroll            |       |       |     7 |     2 ||     9
 Stab: Sleeping          |       |       |     1 |       ||     1
Armor: Animal skin       |    42 |       |       |       ||    42
       Leather armour    |    13 |    56 |     1 |       ||    70
       Robe              |       |       |   159 |       ||   159
       Ring mail         |       |       |       |    72 ||    72
       Scale mail        |       |       |       |    59 ||    59
Dodge: Dodged            |    89 |   146 |   199 |   101 ||   535
Block: Kite shield       |       |       |    91 |    68 ||   159
       Buckler           |       |       |       |    36 ||    36
